 Dungeon Crawl Stone Soup version 0.31.0-32-g396128a36d (webtiles) character file.

Game seed: 9817353952352464837

1323340 ratatoskos the Ice Dragon (level 27, 260/260 HPs)
             Began as a White Draconian Alchemist on Mar 24, 2024.
             Was the Champion of Vehumet.
             Escaped with the Orb
             ... and 3 runes!
             The game lasted 06:22:05 (141428 turns).

ratatoskos the Ice Dragon (DrAl)                  Turns: 141428, Time: 06:22:05

Health: 260/260    AC: 27    Str: 14    XL:     27
Magic:  53/53      EV: 26    Int: 26    God:    Vehumet [******]
Gold:   6323       SH:  9    Dex: 17    Spells: 12/61 levels left

rFire   + + +        F - staff of cold
rCold   + + +        w - +3 buckler {reflect}
rNeg    + . .        (body armour unavailable)
rPois   +            J - +2 hat
rElec   +            W - +2 cloak {rPois}
rCorr   .            l - +0 pair of gloves of the Constellations {rF++ rC+ rN+}
SInv    +            A - +3 pair of mountain boots {steadfast, rC+}
Will    +++..        T - amulet "Tarphomp" {RegenMP ^Contam Dex+5}
Stlth   +            g - ring of Spring {Fly SInv Stlth+}
HPRegen 0.63/turn    Y - ring of Guloch {rElec rPois rC+ MP+9 AC+4}
MPRegen 0.73/turn

%: reflection, clarity
@: flying, studying Polearms
A: breathe frost, AC +13, unfitting armour, cold resistance 1, cold-blooded,
hooves 1, clarity, fire resistance 1, strong-willed 1, subdued magic 1,
devolution 2
0: Orb of Zot
}: 3/15 runes: decaying, serpentine, silver
a: Breathe Frost, Renounce Religion


You escaped.
You worshipped Vehumet.
Vehumet was exalted by your worship.
You visited 11 branches of the dungeon, and saw 51 of its levels.
You visited the Abyss 1 time.
You also visited: Trove, Sewer, Ossuary, Bailey, Gauntlet, Ice Cave, Volcano and Desolation.

You collected 9911 gold pieces.
You spent 3588 gold pieces at shops.

Inventory:

Missiles
 n - 10 throwing nets
 s - 2 curare-tipped darts
Armour
 l - the +0 pair of gloves of the Constellations (worn) {rF++ rC+ rN+}
   (You found it on level 1 of the Elven Halls)

   rF++:      It greatly protects you from fire.
   rC+:       It protects you from cold.
   rN+:       It protects you from negative energy.
 w - a +3 buckler of reflection (worn)
 A - the +3 pair of mountain boots (worn) {steadfast, rC+}
   (You acquired it on level 2 of the Realm of Zot)

   Steadfast: It prevents involuntary movement, except for blinking,
   teleportation, or banishment.
   rC+:       It protects you from cold.
 J - a +2 hat (worn)
 W - a +2 cloak of poison resistance (worn)
Magical Staves
 F - a staff of cold (weapon)
Jewellery
 g - the ring of Spring (left hand) {Fly SInv Stlth+}
   (You took it off a deep elf death mage on level 3 of the Elven Halls)

   [ring of flight]

   SInv:      It lets you see invisible.
   Fly:       It grants you flight.
   Stlth+:    It makes you more stealthy.
 v - the ring of Limalyrr {Fly rElec rF+}
   (You found it on level 3 of the Depths)

   [ring of flight]

   rF+:       It protects you from fire.
   rElec:     It insulates you from electricity.
   Fly:       It grants you flight.
 T - the amulet "Tarphomp" (around neck) {RegenMP ^Contam Dex+5}
   (You found it in a treasure trove)

   [amulet of magic regeneration]

   RegenMP:   It increases your rate of magic regeneration.
   Dex+5:     It affects your dexterity (+5).
   ^Contam:   It causes magical contamination when unequipped.
 Y - the ring of Guloch (right hand) {rElec rPois rC+ MP+9 AC+4}
   (You took it off a ragged hierophant in the Desolation of Salt)

   [ring of protection]

   AC+4:      It affects your AC (+4).
   rC+:       It protects you from cold.
   rElec:     It insulates you from electricity.
   rPois:     It protects you from poison MP+9: It affects your magic capacity
   (+9).
Wands
 a - a wand of roots (47)
 c - a wand of mindburst (30)
 f - a wand of digging (21)
 C - a wand of light (23)
 K - a wand of charming (48)
Scrolls
 e - 7 scrolls of fog
 j - 27 scrolls of teleportation
 m - a scroll of torment
 o - 7 scrolls of immolation
 p - 9 scrolls of fear
 u - 8 scrolls of vulnerability
 y - 11 scrolls of poison
 z - a scroll of enchant armour
 H - a scroll of summoning
 Q - 5 scrolls of amnesia
 R - a scroll of blinking
 U - 5 scrolls of silence
Potions
 b - 10 potions of curing
 d - 3 potions of ambrosia
 h - a potion of heal wounds
 k - 19 potions of brilliance
 q - 3 potions of mutation
 r - 8 potions of invisibility
 t - 8 potions of haste
 B - 9 potions of enlightenment
 E - 7 potions of resistance
 G - 10 potions of cancellation
 O - 6 potions of lignification
 V - 4 potions of magic
Miscellaneous
 i - a condenser vane (inert)
 D - a phantom mirror
 L - a phial of floods
 X - a box of beasts


   Skills:
 + Level 23.8 Fighting
 + Level 22.6 Dodging
 - Level 1.7 Stealth
 - Level 8.4 Shields
 + Level 17.9 Spellcasting
 - Level 12.0 Conjurations
 - Level 2.0 Fire Magic
 O Level 27 Ice Magic
 - Level 12.0 Air Magic
 - Level 10.0 Earth Magic
 - Level 14.2 Alchemy
 - Level 17.0 Evocations


You had 12 spell levels left.
You knew the following spells:

 Your Spells              Type           Power      Damage    Failure   Level
a - Stone Arrow           Conj/Erth      100%       3d13      1%          3
b - Olgreb's Toxic Radia  Alch           66%        N/A       1%          4
c - Ozocubu's Refrigerat  Ice            56%        4d19      0%          7
d - Sandblast             Erth           100%       2d20      0%          1
e - Arcjolt               Conj/Air       30%        1d40      1%          5
f - Frozen Ramparts       Ice            100%       1d16      0%          3
g - Freezing Cloud        Conj/Ice/Air   46%        6-21      1%          5
h - Eringya's Noxious Bo  Alch           33%        4d6       1%          6
i - Polar Vortex          Ice            56%        12d7*     1%          9
j - Bombard               Conj/Erth      29%        9d5       1%          6

Your spell library contained the following spells:

 Spells                   Type           Power      Damage    Failure   Level
 Magic Dart               Conj           100%       1d8       0%          1
 Shock                    Conj/Air       100%       1d9       0%          1
 Sting                    Conj/Alch      100%       1d9       0%          1
 Ensorcelled Hibernation  Hex/Ice        100%       N/A       0%          2
 Mercury Vapours          Alch/Air       100%       N/A       0%          2
 Searing Ray              Conj           100%       2d8       0%          2
 Mephitic Cloud           Conj/Alch/Air  62%        N/A       0%          3
 Summon Ice Beast         Ice/Summ       82%        N/A       0%          3
 Cigotuvi's Dreadful Rot  Necr/Alch/Air  100%       N/A       1%          2
 Momentum Strike          Conj/Tloc      84%        3d10      1%          2
 Inner Flame              Hex/Fire       21%        N/A       1%          3
 Passwall                 Erth           55%        N/A       1%          3
 Swiftness                Air            60%        N/A       1%          3
 Airstrike                Air            30%        2d(5-21)  1%          4
 Brom's Barrelling Bould  Conj/Erth      58%        2d7       1%          4
 Flame Wave               Conj/Fire      46%        2d12      1%          4
 Fulminant Prism          Conj/Alch      31%        3d15      1%          4
 Ignite Poison            Fire/Alch      50%        N/A       1%          4
 Iskenderun's Mystic Bla  Conj/Tloc      42%        2d10      1%          4
 Leda's Liquefaction      Alch/Erth      30%        N/A       1%          4
 Petrify                  Alch/Erth      60%        N/A       1%          4
 Sticky Flame             Fire/Alch      50%        2d9       1%          4
 Summon Lightning Spire   Summ/Air       41%        N/A       1%          4
 Alistair's Intoxication  Alch           44%        N/A       1%          5
 Fireball                 Conj/Fire      23%        3d11      1%          5
 Irradiate                Conj/Alch      31%        3d22      1%          5
 Iskenderun's Battlesphe  Conj           60%        2d11      1%          5
 Lee's Rapid Deconstruct  Erth           27%        3d15*     1%          5
 Metabolic Englaciation   Hex/Ice        41%        N/A       1%          5
 Yara's Violent Unravell  Hex/Alch       23%        3d10      1%          5
 Conjure Ball Lightning   Conj/Air       30%        3x3d10    1%          6
 Sculpt Simulacrum        Ice/Alch       50%        N/A       1%          6
 Blink                    Tloc           34%        N/A       2%          2
 Call Imp                 Summ           34%        N/A       2%          2
 Jinxbite                 Hex            34%        N/A       2%          2
 Lesser Beckoning         Tloc           34%        N/A       2%          2
 Orb of Destruction       Conj           30%        9d10      3%          7
 Fugue of the Fallen      Necr           17%        N/A       6%          3
 Gell's Gravitas          Tloc           17%        N/A       6%          3
 Teleport Other           Tloc           17%        N/A       6%          3
 Borgnjor's Vile Clutch   Necr/Erth      18%        N/A       7%          5
 Anguish                  Hex/Necr       8%         N/A       22%         4
 Manifold Assault         Tloc           17%        N/A       22%         4
 Maxwell's Capacitive Co  Air            30%        ∞         28%         8
 Spellforged Servitor     Conj/Summ      21%        N/A       36%         7
 Lehudib's Crystal Spear  Conj/Erth      29%        10d8      36%         8
 Curse of Agony           Necr           17%        N/A       52%         5
 Death Channel            Necr           8%         N/A       98%         6
 Dispersal                Tloc           8%         N/A       98%         6
 Summon Cactus Giant      Summ           8%         N/A       98%         6
 Chain Lightning          Conj/Air       30%        3d40      98%         9
 Enfeeble                 Hex            8%         N/A       100%        7
 Malign Gateway           Summ/Tloc      8%         N/A       100%        7
 Summon Hydra             Summ           8%         N/A       100%        7
 Borgnjor's Revivificati  Necr           8%         N/A       100%        8
 Disjunction              Tloc           8%         N/A       100%        8
 Ignition                 Fire           12%        3d6       100%        8
 Summon Horrible Things   Summ           8%         N/A       100%        8
 Death's Door             Necr           8%         N/A       100%        9


Dungeon Overview and Level Annotations

Branches:
Dungeon (15/15)            Temple (1/1) D:5            Lair (5/5) D:9
  Swamp (4/4) Lair:3        Snake (4/4) Lair:2        Slime (0/5) Lair:5
    Orc (2/2) D:9             Elf (3/3) Orc:2        Vaults (5/5) D:14
  Crypt (3/3) Vaults:3       Tomb (0/3) Crypt:3      Depths (4/4) D:15
    Zot (5/5) Depths:4      Sewer (visited)         Ossuary (visited)
 Bailey (visited)           IceCv (visited)         Volcano (visited)
Desolation (visited)      Gauntlet (visited)

Altars:
Ashenzari
Cheibriados
Dithmenos
Elyvilon
Fedhas
Gozag
Hepliaklqana
Kikubaaqudgha
Makhleb
Nemelex Xobeh
Okawaru
Qazlal
Ru
Sif Muna
Trog
Uskayaw
Vehumet
Wu Jian
Xom
Yredelemnul
Zin
The Shining One
Jiyva

Shops:
D:7 !   D:11 :   D:14 (   Orc:1 !   Orc:2 ([*:   Elf:2 [   Snake:1 *[
Vaults:2 (   Vaults:3 ((:=   Vaults:4 *[   Vaults:5 [   Depths:3 ::=

Portals:
Hell: Depths:1 Depths:2 Depths:3 Depths:4
Abyss: Depths:3
Pandemonium: Depths:1 Depths:2 Depths:3
Ziggurat: Depths:1


Innate Abilities, Weirdness & Mutations

You can breathe waves of freezing cold which knock back foes.
Your icy white scales are hard. (AC +13)
You cannot fit into any form of body armour.
Your flesh is cold resistant. (rC+)
You are cold-blooded and may be slowed by cold attacks.
You have large cloven feet.
You possess an exceptional clarity of mind.
Your flesh is heat resistant. (rF+)
You are strong-willed. (Will+)
Your spells are a little easier to cast, but a little less powerful.
You have terrible hidden genetic defects.


Message History

You fly upwards.
There is a stone staircase leading down here.
There is an escape hatch in the ceiling here.
A mysterious force pulls you upwards. The hatch slams shut behind you.
There is a stone staircase leading up here.
You start resting.
HP restored.
You fly upwards.
There is a stone staircase leading down here.
There is a stone staircase leading up here.
You fly upwards.
There is a stone staircase leading down here.
A sun demon comes into view.
Aiming: Dig
Press: ? - help, Q - select action, (/) - cycle Shift-Dir - straight line A rock wall.
This square is covered in magical glow.
The rock shatters into small pieces.
Casting: Polar Vortex (mildly dangerous; 1% risk of failure)
Confirm with . or Enter, or press ? or * to list all spells.
You feel a surge of power!
The heat is drained from your surroundings.
The sun demon is frozen!
The sun demon is heavily wounded.
The sun demon closely misses you.
The sun demon attacks as it pursues you!
You block the sun demon's attack.
Casting: Ozocubu's Refrigeration (safe; 0% risk of failure)
Confirm with . or Enter, or press ? or * to list all spells.
You feel a surge of power!
The heat is drained from your surroundings.
The sun demon is frozen!
You kill the sun demon!
Vehumet accepts your kill.
You feel your power returning.
Magic restored.
There is a staircase leading out of the dungeon here.
You start waiting.
A great orb of eyes comes into view.
You have escaped!

#...............#.##.#..#
#..#.##....)...##.##.#..#
#..#####++###G#..........
#.##~~.......8..#.##.####
###~~..~~~~~~.#......#
#~..~~...~~~#...####
#~.~~..~..~~#####
#~.~~.~~~..~#
#~.~~.@.~~.~#
#~..~~~.~~.~#
#~~..~..~~.~#
#~~~...~~..~# ###
##.~~~~~~..~~# ###..
#.8.......~~## #....
#..###++##### #.#.#
#...#...# #########.#.#
##..#.######.........#.#


You could see a great orb of eyes.

Vanquished Creatures
  Frederick (Crypt:2)
  6 dread liches
  6 ancient liches
  9 orbs of fire
  Josephina (Depths:2)
  Boris (twice) (Vaults:2 Depths:1)
  Sojobo (Vaults:3)
  Bai Suzhen (Swamp:3)
  Vv (Crypt:2)
  3 curse toes
  6 Killer Klowns (Zot:5)
  Margery (Vaults:2)
  Saint Roka (Vaults:1)
  Nikola (Vaults:2)
  6 golden dragons
  The ghost of Engrim the Severer, an adept DsFi of Gozag (Swamp:4)
  the Enchantress (Depths:2)
  6 electric golems
  2 bone dragons
  2 hellephants
  Zenata (Crypt:2)
  Rupert (Orc:2)
  24 tentacled monstrosities
  6 liches
  An Ice Fiend (IceCv)
  3 deep elf blademasters
  2 deep elf master archers (Elf:3)
  26 Orb Guardians
  4 titans
  4 sphinxes
  An Executioner (D:12)
  The ghost of ripuliukko the Eclecticist, an adept GrEE of Vehumet (Swamp:4)
  11 quicksilver dragons
  7 death cobs
  A tentacled starspawn (Abyss:3)
  4 ancient champions (Crypt:1)
  3 thorn hunters
  11 storm dragons
  4 tengu reavers
  17 shadow dragons
  8 draconian monks
  Donald (Snake:3)
  Roxanne (Swamp:2)
  4 nagarajas (Snake:4)
  6 draconian knights
  5 protean progenitors
  2 fenstrider witches
  An azure jelly (Snake:3)
  3 draconian scorchers
  12 vault wardens
  10 fire giants
  16 frost giants
  7 draconian shifters
  An imperial myrmidon (Desolation)
  An iron dragon (Vaults:5)
  4 deep elf sorcerers
  2 balrugs (Abyss:3)
  4 deep elf elementalists (Elf:3)
  A curse skull (Crypt:2)
  5 ghost moths
  10 draconian stormcallers
  A cacodemon (Depths:3)
  2 ghouls
  An angel (Zot:4)
  7 draconian annihilators
  14 ironbound preservers
  5 orc warlords
  A reaper (Depths:4)
  14 very ugly things
  14 stone giants
  2 broodmothers (Zot:4)
  8 vampire knights
  6 ironbound thunderhulks
  4 spriggan defenders
  6 eleionomae
  20 deep elf death magi
  The ghost of destino the Covert, a journeyman OpFE of Gozag (Lair:4)
  9 black draconians
  8 green draconians
  Azrael (Orc:2)
  9 deep elf demonologists (Elf:3)
  2 formless jellyfish
  A lorocyproca (Depths:2)
  7 bunyips
  3 halazid warlocks (Desolation)
  7 red draconians
  4 deep elf annihilators (Elf:3)
  2 spectral hellephants (Crypt:2)
  9 yellow draconians
  8 war gargoyles
  14 dire elephants
  12 white draconians
  2 eidola
  Snorg (D:14)
  7 purple draconians
  A blizzard demon (Depths:2)
  A green death (Depths:1)
  A merfolk javelineer (Depths:1)
  18 ettins
  5 crystal guardians
  3 shambling mangroves (Swamp:4)
  3 entropy weavers (Vaults:4)
  4 jiangshi (Crypt:1)
  6 deep elf high priests
  3 rakshasas
  4 fire dragons
  A spectral shadow dragon (Crypt:2)
  14 ragged hierophants (Desolation)
  6 great orbs of eyes
  Harold (Lair:2)
  29 vault guards
  Erolcha (D:9)
  13 yaktaur captains
  A quicksilver dragon skeleton (Crypt:3)
  2 hell beasts
  22 hydras
  4 ogre magi
  9 peacekeepers
  6 salamander tyrants
  A ghost crab (Swamp:1)
  7 ironbound frosthearts
  5 ice dragons
  13 anacondas
  4 caustic shrike simulacra (IceCv)
  6 servants of whispers (Desolation)
  3 spriggan air magi
  11 naga warriors
  2 juggernaut simulacra
  5 death knights
  Erica (Lair:2)
  3 catoblepae (Lair:5)
  33 dancing weapons
  9 alligators
  7 hell hogs
  9 centaur warriors
  20 two-headed ogres
  6 death yaks (Lair:5)
  5 boulder beetles
  6 tengu warriors
  2 deep troll shamans
  4 spriggan berserkers
  A fenstrider witch skeleton (Crypt:1)
  A vampire mage (Crypt:1)
  15 deep troll earth magi
  2 spectral elves (Crypt:2)
  15 naga sharpshooters
  2 occultists
  Urug (D:12)
  18 hell knights
  10 sun demons
  A thrashing horror (Abyss:3)
  12 shock serpents
  18 deep elf knights
  5 orc high priests
  3 soul eaters
  Amaemon (Lair:1)
  17 iron trolls
  11 salamander mystics
  A skyshark (shapeshifter) (Elf:1)
  A shadow wraith (Vaults:5)
  5 sixfirhies
  4 flayed ghosts (Depths:3)
  7 mana vipers
  24 skeletal warriors
  8 naga ritualists
  5 glowing orange brains
  An orb spider (shapeshifter) (Depths:2)
  A spriggan druid (Swamp:1)
  42 deep trolls
  6 goliath frogs
  2 glowing orange brains (shapeshifter)
  2 obsidian statues (IceCv)
  A large abomination (D:12)
  10 swamp dragons
  A spectral hydra (Lair:4)
  9 arcanists
  12 bog bodies
  8 phantasmal warriors
  21 orc knights
  10 deep elf archers
  27 ironbound convokers
  25 deep elf pyromancers
  21 deep elf zephyrmancers
  A shadow dragon zombie (Crypt:2)
  14 necromancers
  An oklob plant (Lair:2)
  8 lindwurms
  34 ugly things
  A broodmother zombie (Crypt:1)
  2 starcursed masses (Abyss:3)
  A tengu skeleton (Depths:1)
  A spectral boulder beetle (Lair:4)
  A stone giant zombie (Crypt:1)
  A sphinx simulacrum (Depths:2)
  6 manticores
  8 orc sorcerers
  A salamander (shapeshifter) (Abyss:3)
  22 salamanders
  Maurice (Orc:1)
  36 moths of wrath
  15 guardian serpents
  An iron dragon skeleton (Crypt:3)
  A dire elephant zombie (Crypt:1)
  A naga zombie (Crypt:1)
  A meliai (shapeshifter) (Elf:1)
  6 will-o-the-wisps
  39 black mambas
  An elephant (shapeshifter) (Vaults:5)
  A kobold blastminer (Orc:1)
  21 elephants
  An eleionoma skeleton (Crypt:2)
  18 naga magi
  A guardian serpent (shapeshifter) (Vaults:5)
  A black mamba (shapeshifter) (D:11)
  3 smoke demons
  4 gargoyles
  A cane toad (shapeshifter) (Elf:1)
  An orange demon (Lair:1)
  19 vault sentinels
  2 torpor snails
  8 apocalypse crabs (Depths:3)
  12 cane toads
  The ghost of TangoThomas the Apothecary, a novice BaAl (D:5)
  A swamp worm zombie (Crypt:2)
  2 centaur skeletons
  An alligator snapping turtle skeleton (Crypt:3)
  3 efreet
  3 hellions
  An unseen horror (shapeshifter) (Elf:1)
  A naga skeleton (Crypt:3)
  13 yaktaurs
  A red draconian zombie (Crypt:2)
  An unseen horror (D:9)
  11 freezing wraiths
  5 rime drakes
  6 komodo dragons
  A yaktaur (shapeshifter) (Elf:1)
  2 golden dragon simulacra (IceCv)
  A kobold demonologist (D:12)
  A sea snake zombie (Crypt:1)
  A guardian mummy (Crypt:1)
  An ancient zyme (Abyss:3)
  3 tengu conjurers
  A black draconian skeleton (Crypt:2)
  3 spriggan skeletons
  A red draconian skeleton (Crypt:2)
  6 ice devils
  13 trolls
  The ghost of YordlordTheGreat the Skirmisher, a novice DEHs of Kikubaaqudgha (D:5)
  A queen bee (D:10)
  A harpy zombie (Crypt:3)
  3 bloated husks
  A merfolk (shapeshifter) (Vaults:5)
  20 hornets
  An alligator simulacrum (IceCv)
  8 tyrant leeches
  A blink frog (shapeshifter) (Elf:1)
  4 polar bears
  4 blink frogs (Lair:4)
  A harpy skeleton (Crypt:3)
  A guardian serpent zombie (Crypt:1)
  A fire dragon zombie (Crypt:3)
  74 saltlings (Desolation)
  10 dream sheep (Lair:5)
  A culicivora (Vaults:4)
  A jumping spider (Vaults:4)
  A spriggan zombie (Depths:1)
  2 ettin zombies
  2 air elementals (Elf:1)
  36 slime creatures
  15 spriggans
  2 spriggans (shapeshifter)
  4 shadows
  6 wyverns
  A spectral black mamba (Lair:4)
  A dire elephant simulacrum (IceCv)
  4 water elementals
  67 yaks
  6 wraiths
  A black mamba skeleton (Crypt:1)
  A black mamba zombie (Crypt:3)
  A yak (shapeshifter) (Elf:1)
  Grum (Lair:1)
  A warg (Vaults:5)
  7 fire elementals
  A hog (shapeshifter) (D:11)
  A golden eye (shapeshifter) (Elf:1)
  6 redbacks (Vaults:4)
  The ghost of dvd2 the Sneak, an amateur MiBr (D:4)
  2 steam dragons
  18 vampire mosquitoes
  A chaos spawn (Abyss:3)
  2 minotaur simulacra (IceCv)
  3 basilisks
  A spriggan simulacrum (Depths:2)
  A neqoxec (Depths:4)
  A harpy simulacrum (Crypt:2)
  15 swamp worms
  A naga (shapeshifter) (Elf:1)
  A spectral cane toad (Lair:4)
  37 nagas
  5 acid dragons
  10 water moccasins
  3 hydra simulacra (IceCv)
  3 hell hounds (Orc:2)
  A fire bat skeleton (Crypt:2)
  41 orc warriors
  8 swamp drakes
  A sky beast (D:6)
  A black bear (D:8)
  2 ettin simulacra (IceCv)
  2 ice beasts
  22 laughing skulls (Crypt:3)
  15 wolves
  3 boggarts (Vaults:1)
  A black mamba simulacrum (Lair:4)
  14 ogres
  A phantom (D:4)
  3 centaurs
  A weeping skull (Ossuary)
  8 kobold brigands
  A wyvern zombie (D:11)
  7 necrophages
  6 bullfrogs
  A gnoll sergeant (D:5)
  3 scorpions
  4 small abominations (Abyss:3)
  4 earth elementals
  10 wights
  2 burial acolytes (Ossuary)
  23 killer bees
  A howler monkey (D:11)
  5 electric eels
  3 lava snakes
  A bombardier beetle (D:7)
  A centaur zombie (Ossuary)
  3 hounds
  3 quasits (D:4)
  2 gnoll boudas
  30 orc priests
  A sleepcap (D:7)
  4 jellies
  5 human zombies
  41 orc wizards
  3 human skeletons (Crypt:1)
  3 hound zombies (Ossuary)
  6 mummies
  A howler monkey zombie (Crypt:1)
  28 gnolls
  11 adders
  4 river rats (Sewer)
  A swamp drake zombie (Crypt:2)
  2 white imps (D:7)
  7 ufetubi
  4 dart slugs
  3 ribbon worms
  103 orcs
  7 bats
  10 endoplasms
  3 giant cockroaches
  2 gnoll zombies (Ossuary)
  15 goblins
  14 hobgoblins
  8 jackals
  45 kobolds
  2 quokkas
  17 ball pythons
  4 frilled lizards
  7 orc zombies
  25 rats
  A river rat skeleton (Crypt:1)
  7 aspiring fleshes
  A starspawn tentacle (Abyss:3)
2629 creatures vanquished.

Vanquished Creatures (collateral kills)
  A tengu reaver (Vaults:1)
  A minotaur (Gauntlet)
  A lindwurm (Vaults:1)
  A cane toad (Lair:5)
  A dream sheep (Lair:5)
  A bullfrog (Lair:1)
6 creatures vanquished.

Vanquished Creatures (others)
  A dread lich (Vaults:5)
  A fire giant (Vaults:5)
  A frost giant (Zot:1)
  A ghost moth (Zot:5)
  A vampire knight (Crypt:3)
  An eleionoma (Swamp:2)
  A dancing weapon (Crypt:3)
  A deep elf pyromancer (Elf:3)
  A black mamba (Lair:5)
  A freezing wraith (Crypt:1)
  A saltling (Desolation)
  A fire giant simulacrum (Depths:2)
  A small abomination (Abyss:3)
  A swamp worm (Swamp:1)
  An orc warrior (Orc:2)
  42 foxfires
  A starspawn tentacle (Abyss:3)
58 creatures vanquished.

Grand Total: 2693 creatures vanquished

Notes
Turn   | Place    | Note
-------+----------+-------------------------------------------
     0 | D:1      | ratatoskos the Draconian Alchemist began the quest for the
                  | Orb.
     0 | D:1      | Reached XP level 1. HP: 14/14 MP: 3/3
   160 | D:1      | Reached XP level 2. HP: 20/20 MP: 0/5
   722 | D:1      | Reached XP level 3. HP: 24/26 MP: 3/6
   828 | D:1      | You fall into a shaft and drop 1 floor!
   998 | D:2      | Noticed a scorpion
  1005 | D:2      | Killed a scorpion
  1006 | D:2      | Reached XP level 4. HP: 33/33 MP: 1/7
  1157 | D:2      | Learned a level 4 spell: Olgreb's Toxic Radiance
  1951 | D:2      | Found a faded altar of an unknown god.
  2015 | D:2      | Reached XP level 5. HP: 21/38 MP: 0/8
  2183 | D:2      | Found a burning altar of Makhleb.
  2742 | D:3      | Reached skill level 5 in Alchemy
  3274 | D:3      | Found an ornate altar of the Wu Jian Council.
  3276 | D:3      | Found a radiant altar of Vehumet.
  3888 | D:4      | Noticed an ogre
  3907 | D:4      | Killed an ogre
  3908 | D:4      | Reached XP level 6. HP: 21/45 MP: 1/9
  4328 | D:3      | Learned a level 4 spell: Sticky Flame
  4490 | D:4      | Found a transporter.
  4495 | D:4      | Noticed dvd2's ghost (amateur MiBr)
  4609 | D:4      | Found a transporter.
  5334 | D:5      | Entered Level 5 of the Dungeon
  5337 | D:5      | Found a staircase to the Ecumenical Temple.
  5739 | D:5      | Your scales start taking on an icy white colour.
  5739 | D:5      | Reached XP level 7. HP: 38/50 MP: 4/10
  5739 | D:5      | Gained mutation: Your flesh is cold resistant. (rC+) [White
                  | Draconian growth]
  5816 | Temple   | Entered the Ecumenical Temple
  5946 | D:3      | Became a worshipper of Vehumet
  6520 | D:5      | Found a runed translucent gate.
  6548 | D:5      | Found a runed translucent gate.
  6548 | D:5      | Found a runed translucent gate.
  6551 | D:5      | Noticed TangoThomas's ghost (novice BaAl)
  6551 | D:5      | Noticed YordlordTheGreat's ghost (novice DEHs)
  6626 | D:5      | Reached skill level 1 in Fire Magic
  6852 | D:6      | Found a glowing drain.
  6893 | Sewer    | Entered a sewer
  7275 | Sewer    | Reached * piety under Vehumet
  7275 | Sewer    | Offered knowledge of Sandblast by Vehumet.
  7309 | Sewer    | Learned a level 1 spell: Sandblast
  7573 | Sewer    | Reached XP level 8. HP: 57/57 MP: 7/11
  8001 | D:6      | Reached skill level 1 in Earth Magic
  8139 | D:6      | Reached skill level 5 in Dodging
  8479 | D:6      | Reached ** piety under Vehumet
  8479 | D:6      | Offered knowledge of Freeze by Vehumet.
  8825 | D:6      | Offered knowledge of Volatile Blastmotes by Vehumet.
  8970 | D:6      | Noticed a gargoyle
  9323 | D:6      | Found a shimmering blue altar of Sif Muna.
  9554 | D:7      | Found a transporter.
  9560 | D:7      | Found a transporter.
  9610 | D:7      | Reached *** piety under Vehumet
  9736 | D:7      | Reached XP level 9. HP: 42/62 MP: 1/12
  9773 | D:7      | Offered knowledge of Hailstorm by Vehumet.
  9873 | D:7      | Found Qosehig's Distillery.
  9950 | D:7      | Found a sand-covered staircase.
  9958 | Ossuary  | Entered an ossuary
 10478 | Ossuary  | Reached skill level 5 in Earth Magic
 11359 | D:7      | Bought a potion of attraction for 39 gold pieces
 11408 | D:8      | Reached skill level 10 in Alchemy
 11440 | D:8      | Reached **** piety under Vehumet
 11674 | D:8      | Offered knowledge of Iskenderun's Mystic Blast by Vehumet.
 11678 | D:8      | Reached XP level 10. HP: 29/65 MP: 14/14
 11703 | D:8      | Found a flagged portal.
 11829 | Bailey   | Entered a bailey
 13272 | D:8      | Found a hide-covered altar of Uskayaw.
 13571 | D:9      | Reached ***** piety under Vehumet
 13718 | D:9      | Offered knowledge of Arcjolt by Vehumet.
 13850 | D:9      | Learned a level 5 spell: Arcjolt
 13908 | D:9      | Found a staircase to the Orcish Mines.
 14310 | D:9      | Reached skill level 1 in Air Magic
 14728 | D:9      | Noticed a boulder beetle
 14739 | D:9      | Killed a boulder beetle
 15078 | D:9      | Noticed Erolcha
 15093 | D:9      | Killed Erolcha
 15094 | D:9      | Reached XP level 11. HP: 44/74 MP: 3/17
 15225 | D:9      | Found a staircase to the Lair.
 15366 | D:10     | Entered Level 10 of the Dungeon
 15412 | D:10     | Noticed a two-headed ogre
 15418 | D:10     | Killed a two-headed ogre
 15829 | D:10     | HP: 3/74 [centaur/arrow (9)]
 16244 | D:10     | Offered knowledge of Fulminant Prism by Vehumet.
 17264 | Lair:1   | Entered Level 1 of the Lair of Beasts
 17443 | D:9      | Reached skill level 5 in Conjurations
 17573 | Lair:1   | Reached skill level 10 in Earth Magic
 17707 | Lair:1   | Noticed Grum
 17723 | Lair:1   | Reached XP level 12. HP: 38/81 MP: 7/18
 17737 | Lair:1   | Found a dark tunnel.
 17744 | Volcano  | Entered a volcano
 18010 | Volcano  | Reached skill level 5 in Air Magic
 18249 | Volcano  | Noticed a red draconian
 18270 | Volcano  | Killed a red draconian
 18690 | Lair:1   | Killed Grum
 19087 | Lair:1   | Noticed Amaemon
 19114 | Lair:1   | Killed Amaemon
 19294 | Lair:1   | Learned a level 3 spell: Frozen Ramparts
 19795 | Lair:1   | Reached skill level 1 in Ice Magic
 19864 | Lair:2   | Noticed Harold
 19864 | Lair:2   | Found a gate leading to a gauntlet.
 20012 | Lair:2   | Killed Harold
 20013 | Lair:2   | Reached skill level 2 in Ice Magic
 20031 | Gauntlet | Entered a Gauntlet
 20031 | Gauntlet | Found a runed translucent door.
 20031 | Gauntlet | Found a transporter.
 20031 | Gauntlet | Found a runed translucent door.
 20031 | Gauntlet | Found a transporter.
 20160 | Gauntlet | Found a transporter.
 20161 | Gauntlet | Found a transporter.
 20162 | Gauntlet | Noticed a tengu warrior
 20166 | Gauntlet | Found a runed translucent gate.
 20168 | Gauntlet | Found a transporter.
 20169 | Gauntlet | Found a runed translucent gate.
 20170 | Gauntlet | Found a runed translucent gate.
 20172 | Gauntlet | Found a transporter.
 20176 | Gauntlet | Noticed a cacodemon
 20183 | Gauntlet | Found a transporter.
 20197 | Gauntlet | Found a transporter.
 20201 | Gauntlet | Found the +3 pair of gauntlets of War {Slay+5}
 20203 | Gauntlet | Found a transporter.
 20239 | Gauntlet | Found a transporter.
 20255 | Gauntlet | Found a transporter.
 20259 | Gauntlet | Found a transporter.
 20342 | Gauntlet | Reached skill level 3 in Ice Magic
 20342 | Gauntlet | Reached XP level 13. HP: 96/96 MP: 19/19
 20343 | Gauntlet | Reached skill level 5 in Fighting
 20343 | Gauntlet | Reached skill level 5 in Ice Magic
 20343 | Gauntlet | Reached XP level 14. HP: 107/107 MP: 20/20
 20344 | Gauntlet | Reached skill level 5 in Spellcasting
 20344 | Gauntlet | Reached skill level 6 in Ice Magic
 20344 | Gauntlet | Reached XP level 15. HP: 113/113 MP: 20/22
 20846 | Gauntlet | Reached skill level 7 in Ice Magic
 21229 | Gauntlet | Identified the +6 quarterstaff of the Tiger {drain, rF+
                  | Dex+3}
 21229 | Gauntlet | Identified the +5 scale mail "Biosuig" {rPois}
 21506 | Gauntlet | Identified the +6 rapier "Oxkiera" {flame, Str+2 Dex+4}
 21780 | Lair:2   | Learned a level 3 spell: Stone Arrow
 21959 | Lair:2   | Noticed Erica
 21971 | Lair:2   | Killed Erica
 22090 | Lair:2   | Reached skill level 8 in Ice Magic
 22698 | Lair:2   | Found a staircase to the Snake Pit.
 24088 | Lair:3   | Reached XP level 16. HP: 121/121 MP: 15/23
 24448 | Lair:3   | Found a staircase to the Swamp.
 24879 | Lair:4   | Reached skill level 10 in Dodging
 25036 | Lair:4   | Found a runed translucent gate.
 25037 | Lair:4   | Found a runed translucent gate.
 25038 | Lair:4   | Found a runed translucent gate.
 25039 | Lair:4   | Noticed destino's ghost (journeyman OpFE)
 25883 | Lair:4   | Killed destino's ghost
 26144 | Lair:4   | Identified the +6 short sword of Gozag's Grace {flame,
                  | Will+}
 26185 | Lair:5   | Entered Level 5 of the Lair of Beasts
 26603 | Lair:5   | Reached skill level 10 in Conjurations
 26895 | Lair:5   | Offered knowledge of Freezing Cloud by Vehumet.
 27513 | Lair:5   | Learned a level 5 spell: Freezing Cloud
 27521 | Lair:5   | Reached skill level 10 in Air Magic
 27678 | Lair:5   | Found a viscous altar of Jiyva.
 27678 | Lair:5   | Found a staircase to the Slime Pits.
 27753 | Lair:5   | Reached skill level 1 in Evocations
 28820 | Lair:5   | Reached skill level 9 in Ice Magic
 30424 | Lair:2   | Reached skill level 10 in Ice Magic
 30929 | D:4      | Killed dvd2's ghost
 31248 | D:5      | Killed TangoThomas's ghost
 31249 | D:5      | Killed YordlordTheGreat's ghost
 33541 | D:11     | Found Xoenn's Book Boutique.
 33546 | D:11     | Reached skill level 11 in Ice Magic
 33693 | D:11     | Offered knowledge of Plasma Beam by Vehumet.
 34166 | D:11     | Identified the ring of Yhyckuig {Fly rPois rN+ Int+5}
 34672 | D:12     | Noticed Urug
 34684 | D:12     | Killed Urug
 35590 | D:12     | Identified the beast talisman "Norhotyma" {rF+ rC+ Str+4}
 36194 | D:12     | Reached skill level 5 in Evocations
 36597 | D:13     | Reached skill level 12 in Ice Magic
 36882 | D:13     | Reached XP level 17. HP: 93/126 MP: 14/24
 38145 | D:14     | Noticed Snorg
 38151 | D:14     | Killed Snorg
 38311 | D:14     | Found a gate to the Vaults.
 38319 | D:14     | Reached skill level 1 in Shields
 38434 | D:14     | Found Lirghoat's Antique Weapon Boutique.
 38883 | D:15     | Entered Level 15 of the Dungeon
 39405 | D:15     | Reached skill level 13 in Ice Magic
 39471 | D:15     | Offered knowledge of Ozocubu's Refrigeration by Vehumet.
 39892 | D:15     | Found a staircase to the Depths.
 40141 | D:15     | Learned a level 7 spell: Ozocubu's Refrigeration
 40887 | Orc:1    | Entered Level 1 of the Orcish Mines
 41064 | Orc:2    | Entered Level 2 of the Orcish Mines
 41064 | Orc:2    | Noticed Rupert
 41066 | Orc:2    | Found a staircase to the Elven Halls.
 41070 | Orc:2    | Killed Rupert
 41414 | Orc:1    | Noticed Maurice
 41439 | Orc:1    | Something stole a phial of floods
 41439 | Orc:1    | Something stole a ring of ice
 41440 | Orc:1    | Something stole a staff of cold
 41441 | Orc:1    | Killed Maurice
 41442 | Orc:1    | Reached skill level 14 in Ice Magic
 41575 | Orc:1    | Found Nijyoti's Distillery.
 42210 | Orc:2    | Offered knowledge of Starburst by Vehumet.
 42428 | Orc:2    | Paralysed by an orc sorcerer for 2 turns
 42596 | Orc:2    | Noticed Azrael
 42600 | Orc:2    | Killed Azrael
 42985 | Orc:2    | Found Fingiel's General Store.
 42985 | Orc:2    | Found Keiceeky's Antique Armour Emporium.
 42985 | Orc:2    | Found Luepnim's Book Emporium.
 42985 | Orc:2    | Found Xewurghapp's Antique Weapon Shoppe.
 43004 | Orc:2    | Bought a scroll of identify for 28 gold pieces
 43006 | Orc:2    | Bought Great Wizards, Vol. II for 608 gold pieces
 43212 | Orc:2    | Reached skill level 15 in Ice Magic
 43293 | Orc:2    | Found an iron altar of Okawaru.
 43605 | Snake:1  | Entered Level 1 of the Snake Pit
 43684 | Snake:1  | Found Fobas's Assorted Antiques.
 43833 | Snake:1  | Found Etwa's Antique Armour Boutique.
 43968 | Snake:1  | Bought a glowing hat for 203 gold pieces
 46713 | Snake:1  | Reached skill level 16 in Ice Magic
 48055 | Snake:2  | Reached XP level 18. HP: 133/133 MP: 25/31
 48055 | Snake:2  | Offered knowledge of Lehudib's Crystal Spear by Vehumet.
 48143 | Snake:2  | Learned a level 6 spell: Eringya's Noxious Bog
 48748 | Snake:2  | Identified the +2 flail of Fudyiqe {antimagic, Int+3 Dex+3
                  | Stlth+}
 48979 | Snake:2  | Identified the ring "Foufi" {Str+2 Dex+6}
 49364 | Snake:3  | Reached skill level 10 in Spellcasting
 49364 | Snake:3  | Reached skill level 17 in Ice Magic
 49397 | Snake:3  | Found a glacial archway.
 49403 | IceCv    | Entered an ice cave
 51013 | IceCv    | Noticed an Ice Fiend
 51021 | IceCv    | Killed an Ice Fiend
 51045 | IceCv    | Identified the ring "Inexak" {rC+ rCorr}
 52432 | Snake:3  | Noticed Donald
 52443 | Snake:3  | Killed Donald
 53853 | Snake:4  | Entered Level 4 of the Snake Pit
 57535 | Snake:4  | Reached XP level 19. HP: 58/139 MP: 13/34
 58172 | Snake:4  | Reached ****** piety under Vehumet
 58172 | Snake:4  | Offered knowledge of Chain Lightning by Vehumet.
 58172 | Snake:4  | Offered knowledge of Polar Vortex by Vehumet.
 58172 | Snake:4  | Offered knowledge of Maxwell's Capacitive Coupling by
                  | Vehumet.
 58237 | Snake:4  | Got a serpentine rune of Zot
 58715 | Swamp:1  | Entered Level 1 of the Swamp
 60144 | Swamp:1  | Identified the +5 flail "Notzaph" {freeze, rC+ Dex+4}
 61552 | Swamp:2  | Noticed Roxanne
 61564 | Swamp:2  | Learned a level 9 spell: Polar Vortex
 61587 | Swamp:2  | Killed Roxanne
 63695 | Swamp:3  | Noticed Bai Suzhen
 63734 | Swamp:3  | Killed Bai Suzhen
 64716 | Swamp:4  | Entered Level 4 of the Swamp
 64725 | Swamp:4  | Paralysed by a hornet for 2 turns
 64727 | Swamp:4  | Reached skill level 18 in Ice Magic
 66135 | Swamp:4  | Found a basalt altar of Yredelemnul.
 66699 | Swamp:4  | Found a runed translucent gate.
 66700 | Swamp:4  | Found a runed translucent gate.
 66701 | Swamp:4  | Found a runed translucent gate.
 66705 | Swamp:4  | Noticed ripuliukko's ghost (adept GrEE)
 66705 | Swamp:4  | Noticed Engrim's ghost (adept DsFi)
 67760 | Swamp:4  | Reached skill level 19 in Ice Magic
 68505 | Swamp:4  | Reached XP level 20. HP: 89/146 MP: 11/38
 68746 | Swamp:4  | Got a decaying rune of Zot
 69122 | Vaults:1 | Entered Level 1 of the Vaults
 69287 | Vaults:1 | Found a portal to a secret trove of treasure.
 69576 | Snake:1  | Bought a potion of heal wounds for 110 gold pieces
 69974 | Vaults:1 | Reached skill level 20 in Ice Magic
 70136 | Vaults:1 | Noticed Saint Roka
 71233 | Vaults:1 | Killed Saint Roka
 71234 | Vaults:1 | Reached skill level 21 in Ice Magic
 72463 | Vaults:1 | Identified a scroll of acquirement
 72466 | Vaults:1 | Acquired the amulet "Xesuass" {Spirit rElec rPois Regen+
                  | rCorr}
 73607 | Vaults:1 | Reached skill level 22 in Ice Magic
 74154 | Vaults:2 | Found a crumbling gateway.
 74163 | Desolati | Entered the Desolation of Salt
 74615 | Desolati | Identified the +2 robe of the Ten Glowing Runes {Int+8
                  | Slay-6 Stlth+}
 74618 | Desolati | Identified the ring "Rusar" {rPois Will+ Int+3}
 74621 | Desolati | Got Pyepp's Information on Cooperative Spelunking
 74737 | Desolati | Identified the staff "Xolopt" {rPois rN+ Alchemy}
 74743 | Desolati | Identified the +10 long sword of Destiny {pain, SInv}
 74759 | Desolati | Got the Incunable of Weather
 74764 | Desolati | Identified the ring of Waikaix {EV+5 Str+2}
 74822 | Desolati | Got Sagut's Elucidation of the Boreal Fifth Circle
 75263 | Desolati | Reached skill level 23 in Ice Magic
 75522 | Desolati | Identified the ring of Guloch {rElec rPois rC+ MP+9 AC+4}
 76858 | Desolati | Got the Parchment of Bolts and Weather
 76985 | Desolati | Reached skill level 24 in Ice Magic
 77453 | Desolati | Identified the +9 orcbow of the Ass {speed, rPois}
 77486 | Desolati | Reached XP level 21. HP: 140/152 MP: 39/39
 77695 | Desolati | Identified the +0 shortbow of Iconoclasm {elec, Will+++
                  | Dex-2 Stlth+}
 78346 | Vaults:2 | Noticed Margery
 78359 | Vaults:2 | Killed Margery
 79312 | Vaults:2 | Found Zitounk's Weapon Boutique.
 79319 | Vaults:2 | Noticed Nikola
 79331 | Vaults:2 | Killed Nikola
 79332 | Vaults:2 | Reached skill level 25 in Ice Magic
 80267 | Vaults:2 | You fall into a shaft and drop 1 floor!
 81283 | Vaults:3 | Reached skill level 26 in Ice Magic
 81924 | Vaults:3 | Found Syasenid's Antique Weapon Emporium.
 82378 | Vaults:3 | Noticed Sojobo
 82383 | Vaults:3 | Killed Sojobo
 83142 | Vaults:3 | Found a staircase to the Crypt.
 83294 | Vaults:3 | Found Tiujoupp's Weapon Shoppe.
 83413 | Vaults:3 | Found Astoudgh's Book Shoppe.
 83609 | Vaults:3 | Found Ecvuj's Jewellery Emporium.
 84701 | Vaults:2 | Noticed Boris
 85209 | Vaults:1 | You paid a toll of 11 potions of heal wounds to enter a
                  | treasure trove
 85210 | Trove    | Entered a treasure trove
 85215 | Trove    | Identified the ring of Leyzi {Wiz +Blink rElec Str-2
                  | Slay+4}
 85217 | Trove    | Identified the ring of Seubesio {rPois rF- rC+++ rCorr
                  | Dex-4}
 85220 | Trove    | Identified the amulet "Xaqeim" {Reflect -Tele Dex+6 SH+5}
 85226 | Trove    | Identified the amulet of Ixtaecw {Faith rC+ Regen+ Str+3}
 85228 | Trove    | Identified the ring "Axto" {Fly SInv}
 85231 | Trove    | Identified the amulet "Tarphomp" {RegenMP ^Contam Dex+5}
 85233 | Trove    | Identified the amulet "Jakhlofu" {Reflect Regen+ Dex-4
                  | Slay+2 SH+5 Stlth+}
 85621 | Vaults:2 | Killed Boris
 86324 | Vaults:2 | Reached skill level 27 in Ice Magic
 88138 | Vaults:4 | Reached XP level 22. HP: 166/166 MP: 40/40
 89464 | Vaults:4 | Identified the +0 robe "Vurekull" {Regen+}
 89520 | Vaults:4 | Found Ytiwylip's Assorted Antiques.
 89801 | Vaults:4 | Found Nocoihur's Armour Shop.
 90332 | Swamp:4  | Killed ripuliukko's ghost
 90343 | Swamp:4  | Killed Engrim's ghost
 90890 | Depths:1 | Entered Level 1 of the Depths
 90916 | Depths:1 | Found a one-way gateway to a ziggurat.
 91241 | Depths:1 | Found a gateway to Hell.
 92213 | Depths:1 | Reached skill level 10 in Evocations
 92495 | Depths:1 | Found a one-way gate leading to the halls of Pandemonium.
 92537 | Depths:1 | Noticed Boris
 92551 | Depths:1 | Killed Boris
 92947 | Depths:1 | Learned a level 6 spell: Bombard
 92989 | Depths:2 | Identified the ring of Fuq Boj {Ice Str+3 Int+6}
 92989 | Depths:2 | Noticed Josephina
 92998 | Depths:2 | Killed Josephina
 93975 | Depths:2 | Reached skill level 10 in Fighting
 94249 | Depths:2 | Noticed the Enchantress
 94262 | Depths:2 | Killed the Enchantress
 94496 | Depths:2 | Identified the +4 short sword of Durable Expedience {flame,
                  | rElec rF- rC+ Stlth+}
 94521 | Depths:2 | Identified the +1 ring mail of Dithmenos's Wrath {MP+9
                  | Str+2}
 94688 | Depths:2 | Identified the +6 battleaxe "Kimul" {flame, Dex+3}
 94773 | Depths:2 | Noticed a golden dragon
 94868 | Depths:2 | Paralysed by a vampire knight for 3 turns
 94880 | Depths:2 | Paralysed by something for 3 turns
 95321 | Depths:2 | Killed a golden dragon
 95829 | Depths:2 | Got the Grimoire of Phantasmal Cold
 96202 | Depths:3 | Found a one-way gate to the infinite horrors of the Abyss.
 96761 | Depths:3 | Identified the +1 bardiche of Qovolush {heavy, *Corrode
                  | Str+6}
 97278 | Depths:3 | Found Somirhih's Book Boutique.
 97279 | Depths:3 | Found Bunal's Jewellery Shoppe.
 97280 | Depths:3 | Found Pirox's Book Boutique.
 97294 | Depths:3 | Bought a manual of Evocations for 1680 gold pieces
 97874 | Depths:3 | Identified the ring of Limalyrr {Fly rElec rF+}
 97876 | Depths:3 | Identified the ring of Eternity {rPois rF- Will+++ MP+9
                  | Dex-2}
 98088 | Depths:4 | Entered Level 4 of the Depths
 98138 | Depths:4 | Reached XP level 23. HP: 121/177 MP: 31/41
 99112 | Depths:4 | Found a gate to the Realm of Zot.
 99567 | Depths:4 | Found a white marble altar of Elyvilon.
100063 | Depths:4 | Identified the +6 demon whip "Upikh" {pain, rElec}
100995 | Depths:4 | Reached skill level 15 in Dodging
101118 | Depths:4 | Found a blossoming altar of Fedhas.
101546 | Elf:1    | Entered Level 1 of the Elven Halls
101702 | Elf:1    | Identified the +0 pair of gloves of the Constellations
                  | {rF++ rC+ rN+}
101754 | Elf:1    | Paralysed by an air elemental for 1 turns
103730 | Elf:2    | Identified the -1 cloak of Xeebod {Int+7}
103744 | Elf:2    | Reached skill level 15 in Evocations
104402 | Elf:2    | Found a runed translucent gate.
104402 | Elf:2    | Found a runed translucent gate.
104402 | Elf:2    | Found a runed translucent gate.
104487 | Elf:2    | Found Eluadeng's Antique Armour Boutique.
105252 | Elf:2    | Identified the blade talisman of the Foremost Gods {Dex+2
                  | Stlth+}
105297 | Elf:2    | Acquired 477 gold pieces
105301 | Elf:2    | Acquired the ring "Ossat" {rPois rCorr MP+9 Dex-2 Stlth+}
105436 | Elf:3    | Entered Level 3 of the Elven Halls
106987 | Abyss:3  | Cast into level 3 of the Abyss (a deep elf demonologist)
106988 | Abyss:3  | Reached XP level 24. HP: 81/191 MP: 41/41
107368 | Elf:3    | Escaped the Abyss
108348 | Elf:3    | Identified the +1 mace "Hadefal" {flame, Str+4}
108354 | Elf:3    | Identified the ring "Xaplogra" {Fire Dex+3}
108354 | Elf:3    | Identified the +4 rapier of Uhetos {elec, MP+9 Str+4 SInv}
108357 | Elf:3    | Identified the ring of Spring {Fly SInv Stlth+}
108363 | Elf:3    | Reached skill level 15 in Fighting
108487 | Elf:3    | Identified the +1 trident of Lanodapn {flame, MP+9 Dex+8}
108681 | Elf:3    | Identified the +6 chain mail of Wux Reasch {Str+4 Int+6}
109300 | Crypt:1  | Entered Level 1 of the Crypt
111214 | Crypt:2  | Noticed Vv
111325 | Crypt:2  | Killed Vv
111861 | Crypt:2  | Identified the orb of the Pirate {light, Rampage Str-2
                  | Dex+2}
111861 | Crypt:2  | Noticed Frederick
111877 | Crypt:2  | Killed Frederick
112799 | Crypt:2  | Noticed Zenata
112809 | Crypt:2  | Killed Zenata
113580 | Crypt:3  | Entered Level 3 of the Crypt
114192 | Crypt:2  | Found an ancient bone altar of Kikubaaqudgha.
114867 | Crypt:3  | Noticed an ancient lich
114878 | Crypt:3  | Killed an ancient lich
114893 | Crypt:3  | Reached XP level 25. HP: 133/222 MP: 41/41
115396 | Crypt:3  | Acquired a +0 buckler of reflection
115673 | Crypt:3  | Found a basalt altar of Yredelemnul.
115697 | Crypt:3  | Got Hemu's Enchiridion on Bones
115936 | Crypt:3  | Found a staircase to the Tomb.
117309 | Vaults:5 | Entered Level 5 of the Vaults
117311 | Vaults:5 | Noticed a dread lich
117322 | Vaults:5 | Killed a dread lich
117323 | Vaults:5 | Noticed an ancient lich
117331 | Vaults:5 | Killed an ancient lich
118856 | Vaults:5 | Noticed a dread lich
118856 | Vaults:5 | Paralysed by a dread lich for 2 turns
118865 | Vaults:5 | Paralysed by a dread lich for 3 turns
119655 | Vaults:5 | Killed a dread lich
120145 | Vaults:5 | Noticed an ancient lich
120598 | Vaults:5 | Killed an ancient lich
121024 | Vaults:5 | Got a silver rune of Zot
121030 | Vaults:5 | Identified the +0 whip of Tuliykke {vamp, rC+ Int+2}
121961 | Vaults:5 | Noticed a dread lich
121962 | Vaults:5 | Paralysed by a dread lich for 3 turns
121965 | Vaults:5 | Found Ugippely's Armour Shoppe.
121970 | Vaults:5 | Killed a dread lich
122405 | Vaults:5 | Identified the amulet of Ethics {Spirit Harm}
122416 | Vaults:5 | Identified the +6 plate armour of Loss {+Inv Will+}
122426 | Vaults:5 | Identified the +3 spear of the Middle {drain, Will+ Str+3}
123146 | Zot:1    | Entered Level 1 of the Realm of Zot
123706 | Zot:1    | Reached skill level 5 in Shields
124267 | Zot:1    | Reached XP level 26. HP: 225/239 MP: 39/41
124321 | Zot:1    | Acquired 1068 gold pieces
126978 | Zot:2    | Acquired the +3 pair of mountain boots {steadfast, rC+}
126978 | Zot:2    | Found the +3 pair of mountain boots {steadfast, rC+}
127008 | Zot:2    | Identified the +0 kite shield of Immorality {Dex+6}
127837 | Zot:3    | Reached skill level 15 in Spellcasting
130877 | Zot:3    | Got the Precepts of Toxic Skeletons
130890 | Zot:3    | Acquired 700 gold pieces
131485 | Orc:1    | Bought a potion of mutation for 144 gold pieces
131485 | Orc:1    | Bought a potion of resistance for 180 gold pieces
131621 | D:7      | Bought a potion of mutation for 104 gold pieces
131781 | Snake:1  | Bought a wand of mindburst (1) for 30 gold pieces
131781 | Snake:1  | Bought a wand of light (5) for 462 gold pieces
132555 | Zot:4    | Reached XP level 27. HP: 121/253 MP: 42/42
133890 | Zot:4    | Noticed an orb of fire
133898 | Zot:4    | Killed an orb of fire
134161 | Zot:5    | Entered Level 5 of the Realm of Zot
134652 | Zot:5    | Found a huge runed translucent gate.
134652 | Zot:5    | Found a huge runed translucent gate.
134653 | Zot:5    | Found a huge runed translucent gate.
134653 | Zot:5    | Found a huge runed translucent gate.
134661 | Zot:5    | Found a huge runed translucent gate.
134661 | Zot:5    | Found a huge runed translucent gate.
134662 | Zot:5    | Found a huge runed translucent gate.
134662 | Zot:5    | Found a huge runed translucent gate.
134663 | Zot:5    | Found a huge runed translucent gate.
134663 | Zot:5    | Found a huge runed translucent gate.
134663 | Zot:5    | Found a huge runed translucent gate.
134663 | Zot:5    | Found a huge runed translucent gate.
134663 | Zot:5    | Found a huge runed translucent gate.
134666 | Zot:5    | Found a huge runed translucent gate.
134666 | Zot:5    | Found a huge runed translucent gate.
134666 | Zot:5    | Found a huge runed translucent gate.
134666 | Zot:5    | Found a huge runed translucent gate.
135494 | Zot:5    | Noticed an orb of fire
135502 | Zot:5    | Gained mutation: You do not regenerate when monsters are
                  | visible. [an orb of fire]
135509 | Zot:5    | Killed an orb of fire
135562 | Zot:5    | Noticed an orb of fire
135564 | Zot:5    | Gained mutation: You are frail. (-10% HP) [an orb of fire]
135568 | Zot:5    | Gained mutation: You sometimes lose your temper in combat.
                  | [an orb of fire]
135569 | Zot:5    | Killed an orb of fire
135712 | Zot:5    | Noticed an orb of fire
135853 | Zot:5    | Noticed an ancient lich
135856 | Zot:5    | Killed an ancient lich
136026 | Zot:5    | Found a huge runed translucent gate.
136027 | Zot:5    | Found a huge runed translucent gate.
136028 | Zot:5    | Found a huge runed translucent gate.
136029 | Zot:5    | Found a huge runed translucent gate.
136030 | Zot:5    | Found a huge runed translucent gate.
136031 | Zot:5    | Found a huge runed translucent gate.
136032 | Zot:5    | Found a huge runed translucent gate.
136033 | Zot:5    | Found a huge runed translucent gate.
136034 | Zot:5    | Found a huge runed translucent gate.
136035 | Zot:5    | Found a huge runed translucent gate.
136035 | Zot:5    | Found a huge runed translucent gate.
136039 | Zot:5    | Found a huge runed translucent gate.
136040 | Zot:5    | Found a huge runed translucent gate.
136041 | Zot:5    | Found a huge runed translucent gate.
136041 | Zot:5    | Found a huge runed translucent gate.
136042 | Zot:5    | Found a huge runed translucent gate.
136043 | Zot:5    | Found a huge runed translucent gate.
136044 | Zot:5    | Found a huge runed translucent gate.
136045 | Zot:5    | Found a huge runed translucent gate.
136205 | Zot:5    | Noticed an ancient lich
136210 | Zot:5    | Killed an ancient lich
136505 | Zot:5    | Noticed a dread lich
136515 | Zot:5    | Gained mutation: Your magical capacity is low. (-10% MP)
                  | [an orb of fire]
136524 | Zot:5    | Killed an orb of fire
136554 | Zot:5    | Noticed an orb of fire
136558 | Zot:5    | Gained mutation: Your magical capacity is very low. (-20%
                  | MP) [an orb of fire]
136664 | Zot:5    | Killed a dread lich
136681 | Zot:5    | Gained mutation: You have an uncontrollable temper. [an orb
                  | of fire]
136685 | Zot:5    | Gained mutation: You are occasionally teleported next to
                  | monsters. [an orb of fire]
136690 | Zot:5    | Noticed an orb of fire
136696 | Zot:5    | Gained mutation: Your body sometimes deteriorates upon
                  | taking damage. [an orb of fire]
136697 | Zot:5    | Killed an orb of fire
136706 | Zot:4    | Killed an orb of fire
136862 | Zot:5    | Noticed a dread lich
136863 | Zot:5    | Paralysed by a dread lich for 4 turns
137120 | Zot:5    | Killed a dread lich
137494 | Zot:5    | Lost mutation: Your magical capacity is very low. (-20% MP)
                  | [potion of mutation]
137494 | Zot:5    | Lost mutation: Your body sometimes deteriorates upon taking
                  | damage. [potion of mutation]
137494 | Zot:5    | Lost mutation: You do not regenerate when monsters are
                  | visible. [potion of mutation]
137494 | Zot:5    | Gained mutation: Your magical capacity is very low. (-20%
                  | MP) [potion of mutation]
137494 | Zot:5    | Gained mutation: Your spells are a little harder to cast,
                  | but a little more powerful. [potion of mutation]
137494 | Zot:5    | Gained mutation: You are covered in fur. (AC +1) [potion of
                  | mutation]
137495 | Zot:5    | Lost mutation: Your magical capacity is very low. (-20% MP)
                  | [potion of mutation]
137495 | Zot:5    | Lost mutation: You are covered in fur. (AC +1) [potion of
                  | mutation]
137495 | Zot:5    | Lost mutation: You are frail. (-10% HP) [potion of
                  | mutation]
137495 | Zot:5    | Gained mutation: You have a pair of small horns on your
                  | head. [potion of mutation]
137495 | Zot:5    | Gained mutation: You are vulnerable to heat. (rF-) [potion
                  | of mutation]
137496 | Zot:5    | Lost mutation: You have an uncontrollable temper. [potion
                  | of mutation]
137496 | Zot:5    | Lost mutation: You have a pair of small horns on your head.
                  | [potion of mutation]
137496 | Zot:5    | Lost mutation: You sometimes lose your temper in combat.
                  | [potion of mutation]
137496 | Zot:5    | Gained mutation: You sometimes lose your temper in combat.
                  | [potion of mutation]
137496 | Zot:5    | Lost mutation: You sometimes lose your temper in combat.
                  | [potion of mutation]
137497 | Zot:5    | Lost mutation: Your spells are a little harder to cast, but
                  | a little more powerful. [potion of mutation]
137497 | Zot:5    | Lost mutation: Your magical capacity is low. (-10% MP)
                  | [potion of mutation]
137497 | Zot:5    | Lost mutation: You are vulnerable to heat. (rF-) [potion of
                  | mutation]
137497 | Zot:5    | Gained mutation: Your flesh is very cold resistant. (rC++)
                  | [potion of mutation]
137497 | Zot:5    | Gained mutation: You are frail. (-10% HP) [potion of
                  | mutation]
138821 | Zot:5    | Noticed an ancient lich
138821 | Zot:5    | Noticed a dread lich
138821 | Zot:5    | Noticed an orb of fire
138821 | Zot:5    | Noticed a dread lich
138821 | Zot:5    | Noticed an orb of fire
138822 | Zot:5    | Noticed an orb of fire
138826 | Zot:5    | Gained mutation: Your magical capacity is low. (-10% MP)
                  | [an orb of fire]
138827 | Zot:5    | Killed an orb of fire
138827 | Zot:5    | Paralysed by something for 4 turns
138828 | Zot:5    | Gained mutation: Your spells are a little easier to cast,
                  | but a little less powerful. [an orb of fire]
138830 | Zot:5    | Gained mutation: You are very frail. (-20% HP) [an orb of
                  | fire]
138831 | Zot:5    | Gained mutation: You are extremely frail. (-30% HP) [an orb
                  | of fire]
138833 | Zot:5    | Gained mutation: You have hidden genetic defects. [an orb
                  | of fire]
138836 | Zot:5    | Gained mutation: You have terrible hidden genetic defects.
                  | [an orb of fire]
138836 | Zot:5    | Paralysed by something for 5 turns
138837 | Zot:5    | Gained mutation: You are clumsy. (Dex -2) [an orb of fire]
138837 | Zot:5    | Gained mutation: You do not regenerate when monsters are
                  | visible. [an orb of fire]
138840 | Zot:5    | Gained mutation: Your magical capacity is very low. (-20%
                  | MP) [an orb of fire]
138849 | Zot:5    | Gained mutation: Potions are less effective at restoring
                  | your health. [an orb of fire]
138849 | Zot:5    | Gained mutation: You are vulnerable to heat. (rF-) [an orb
                  | of fire]
139269 | Zot:4    | Lost mutation: You do not regenerate when monsters are
                  | visible. [potion of mutation]
139269 | Zot:4    | Lost mutation: You are clumsy. (Dex -2) [potion of
                  | mutation]
139269 | Zot:4    | Lost mutation: Your flesh is very cold resistant. (rC++)
                  | [potion of mutation]
139269 | Zot:4    | Lost mutation: You are vulnerable to heat. (rF-) [potion of
                  | mutation]
139317 | Zot:5    | Killed an ancient lich
139352 | Zot:4    | Killed a dread lich
139550 | Zot:5    | Gained mutation: You are weak. (Str -2) [an orb of fire]
139554 | Zot:5    | Gained mutation: You are vulnerable to heat. (rF-) [an orb
                  | of fire]
139555 | Zot:5    | Gained mutation: You are very weak. (Str -4) [an orb of
                  | fire]
139556 | Zot:5    | Gained mutation: Your magical capacity is extremely low.
                  | (-30% MP) [an orb of fire]
139561 | Zot:5    | Killed an orb of fire
139707 | Zot:5    | Gained mutation: You are often teleported next to monsters.
                  | [an orb of fire]
139714 | Zot:4    | Killed a dread lich
139716 | Zot:4    | Killed an orb of fire
139866 | Zot:5    | Identified the ring of the Gazing Hero {rC+ Will+ SInv}
140422 | Zot:5    | Lost mutation: Your spells are a little easier to cast, but
                  | a little less powerful. [potion of mutation]
140422 | Zot:5    | Lost mutation: You are vulnerable to heat. (rF-) [potion of
                  | mutation]
140422 | Zot:5    | Lost mutation: You are very weak. (Str -4) [potion of
                  | mutation]
140422 | Zot:5    | Gained mutation: Your flesh is heat resistant. (rF+)
                  | [potion of mutation]
140423 | Zot:5    | Lost mutation: Your magical capacity is extremely low.
                  | (-30% MP) [potion of mutation]
140423 | Zot:5    | Lost mutation: Potions are less effective at restoring your
                  | health. [potion of mutation]
140423 | Zot:5    | Lost mutation: You have terrible hidden genetic defects.
                  | [potion of mutation]
140423 | Zot:5    | Gained mutation: You possess an exceptional clarity of
                  | mind. [potion of mutation]
140423 | Zot:5    | Gained mutation: You are clumsy. (Dex -2) [potion of
                  | mutation]
140423 | Zot:5    | Gained mutation: Your spells are a little harder to cast,
                  | but a little more powerful. [potion of mutation]
140424 | Zot:5    | Lost mutation: You are often teleported next to monsters.
                  | [potion of mutation]
140424 | Zot:5    | Lost mutation: You are clumsy. (Dex -2) [potion of
                  | mutation]
140424 | Zot:5    | Gained mutation: You have terrible hidden genetic defects.
                  | [potion of mutation]
140424 | Zot:5    | Gained mutation: You occasionally lose the ability to read
                  | scrolls when taking damage. [potion of mutation]
140424 | Zot:5    | Gained mutation: Your large and strong wings let you fly.
                  | [potion of mutation]
140425 | Zot:5    | Lost mutation: Your magical capacity is very low. (-20% MP)
                  | [potion of mutation]
140425 | Zot:5    | Lost mutation: You are weak. (Str -2) [potion of mutation]
140425 | Zot:5    | Lost mutation: You are occasionally teleported next to
                  | monsters. [potion of mutation]
140425 | Zot:5    | Gained mutation: Your mind is acute. (Int +4, Str/Dex -1)
                  | [potion of mutation]
140426 | Zot:5    | Lost mutation: Your spells are a little harder to cast, but
                  | a little more powerful. [potion of mutation]
140426 | Zot:5    | Lost mutation: Your mind is acute. (Int +4, Str/Dex -1)
                  | [potion of mutation]
140426 | Zot:5    | Lost mutation: Your large and strong wings let you fly.
                  | [potion of mutation]
140426 | Zot:5    | Gained mutation: Your spells are a little easier to cast,
                  | but a little less powerful. [potion of mutation]
140426 | Zot:5    | Lost mutation: You are extremely frail. (-30% HP) [potion
                  | of mutation]
140427 | Zot:5    | Lost mutation: You occasionally lose the ability to read
                  | scrolls when taking damage. [potion of mutation]
140427 | Zot:5    | Lost mutation: You are very frail. (-20% HP) [potion of
                  | mutation]
140427 | Zot:5    | Lost mutation: Your magical capacity is low. (-10% MP)
                  | [potion of mutation]
140427 | Zot:5    | Gained mutation: You have large cloven feet. [potion of
                  | mutation]
140427 | Zot:5    | Lost mutation: You are frail. (-10% HP) [potion of
                  | mutation]
140427 | Zot:5    | Gained mutation: You are strong-willed. (Will+) [potion of
                  | mutation]
140610 | Zot:5    | Got the Orb of Zot
140887 | Depths:4 | Noticed Waopsit the pandemonium lord
141428 | D:$      | Escaped with the Orb!

Illustrated notes

Levels and vault maps discovered:
D:1:      psy_arrival_whirlpool, layout_loops_ring, serial_rivers,
          chequers_serial_rivers_room_b, chequers_serial_rivers_micro_e,
          chequers_serial_rivers_small_b, chequers_serial_rivers_micro_c
D:2:      layout_basic, basic_altar, nicolae_ecumenical_snake_handling,
          fountainhead
D:3:      layout_loops_ring, nicolae_overflow_hidden_temple
D:4:      layout_cave_pods, gammafunk_ghost_stat_death
D:5:      layout_rooms, minmay_temple_entry_glass, gammafunk_ghost_cemetery
D:6:      corexii_shantytown, layout_cave_pools, general_overflow_altar,
          cheibrodos_sewer_entry_bend
D:7:      gammafunk_steamed_eel, layout_rooms, serial_shops,
          nicolae_shop_hallway_stairs, enter_ossuary_2, minmay_circle_x
D:8:      layout_basic, mainiacjoe_overflow_boulevard, enter_bailey_8
D:9:      layout_basic, lair_entry_dummy, david_orc_4, special_room
          [special_room_orc], minmay_three_doors, uniq_erolcha
D:10:     layout_basic, nicolae_looking_at_the_future
D:11:     regret_index_malice_mire, layout_rooms, serial_shops, shop
D:12:     layout_long_grid, nicolae_sextant, uniq_urug
D:13:     layout_gridville, nicolae_kite_square_tiling_tiny
D:14:     layout_gridville, david_vaults_2, serial_shops,
          nicolae_lakefront_shop, minmay_misc_feat_enclosed, uniq_snorg
D:15:     hangedman_depths_entry_civil_slaughter, layout_cave_pods,
          serial_library_hellmonk_semicircle
Temple:   nicolae_temple_two_arcs
Lair:1:   layout_gridlike, serial_forest, infiniplex_forest_lined_corner,
          infiniplex_forest_lined_2, infiniplex_forest_zigzag_1,
          infiniplex_forest_lined_3_way, enter_volcano_4, uniq_amaemon,
          uniq_grum
Lair:2:   layout_hall_layers, guppyfry_snake_entry_garden,
          gauntlet_entry_generic, grunt_megastairs_2, uniq_erica, uniq_harold
Lair:3:   layout_layer_cave, nicolae_swamp_entry_splash_gauntlet
Lair:4:   layout_regular_city, gammafunk_ghost_necromancy, serial_bayou_ford_a
Lair:5:   evilmike_catoblepas_cave, layout_gridlike, dpeg_slime_entry_enclosed,
          st_stairs_3, infiniplex_staircase_pool, grunt_megastairs_5
Swamp:1:  layout_basic_swamp, evilmike_swamp_ruin_house_4, swamp_pool_1_2,
          grunt_hermit_hut
Swamp:2:  layout_falls_marsh, evilmike_swamp_ruin_house_5,
          nicolae_swamp_long_stream, uniq_roxanne
Swamp:3:  layout_basic_swamp, evilmike_swamp_ruin_house_1, uniq_bai_suzhen
Swamp:4:  swamp_basic_johnstein, layout_basic_swamp, gammafunk_ghost_cemetery,
          nicolae_swamp_bean_lake, swamp_pool_1_2, nicolae_swamp_godswood
Snake:1:  layout_layer_cave, grunt_megastairs_3, minmay_shop_star
Snake:2:  layout_cave_town
Snake:3:  layout_layer_cave, portal_ice_cave_entry_horrid_things,
          grunt_megastairs_4, lemuel_fruit_tree, uniq_donald
Snake:4:  grunt_snake_rune_serpentine_throne, layout_cave_town, st_stairs_13,
          nicolae_snake_salamander_fort, nicolae_triple_integral
Orc:1:    layout_diamond_mine, serial_shops, nicolae_shop_statue_plus,
          mines1_david, uniq_maurice
Orc:2:    st_orc_congregation, layout_caves, special_room,
          okawaru_metal_pillars_1_2, uniq_rupert, uniq_azrael
Elf:1:    nicolae_elf_arrival_no_cutting_in_line, layout_gridlike,
          nicolae_elf_shapeshifter_party, nicolae_elf_deep_friendship
Elf:2:    nicolae_elf_blades_splatter_lattice [nicolae_blade_little_rooms],
          layout_geoelf_grid, serial_shops, shop_fountains, grunt_ministairs_7
Elf:3:    elf_hall, layout_loops_cross
Vaults:1: ontoclasm_vaults_hangar, hangedman_vaults_unwind,
          nicolae_vaults_octothorpe, v_pattern_2, ontoclasm_vaults_shout,
          nicolae_vaults_trapezoid_1, nicolae_vaults_little_squares_5,
          nicolae_vaults_tetromino_Z_2, nicolae_vaults_trapezoid_lopsided_1,
          nicolae_vaults_double_plus_1, layout_vaults_quadrants,
          nicolae_trove_entry_crystal, uniq_saint_roka
Vaults:2: portal_desolation_entry_garden, ontoclasm_vaults_spin,
          nicolae_vaults_shelves_hall, nicolae_vaults_closet_pinwheel_1,
          v_misc_32, nicolae_vaults_inception_corners,
          ontoclasm_vaults_loading_screen, vaults_room_pools,
          nicolae_vaults_network_square, vaults_dpeg_emergency_exit,
          ontoclasm_vaults_twist, vaults_room_hallway,
          nicolae_vaults_sesquioval_fish, v_alt_pattern_1,
          layout_vaults_omnicross, serial_shops,
          nicolae_shop_bloodbath_and_beyond, uniq_margery, uniq_boris,
          uniq_nikola
Vaults:3: nicolae_vaults_network_s, nicolae_vaults_meiosis,
          minmay_crypt_entry_simple_plaza, nicolae_vaults_little_squares_6,
          hangedman_vaults_cutoff, nicolae_vaults_alarming,
          nicolae_vaults_taking_the_gang_shopping,
          nicolae_vaults_storage_closets_1, v_misc_15,
          nicolae_vaults_tetromino_L_1, nicolae_vaults_little_squares_6,
          vaults_dpeg_ring, layout_vaults_chaotic_city, serial_shops,
          nicolae_shop_pleasant_corner_grove, nicolae_lakefront_shop, shop,
          uniq_sojobo
Vaults:4: nicolae_vaults_closet_pinwheel_1, v_pattern_4,
          nicolae_vaults_closet_pinwheel_3, v_alt_pattern_1,
          ontoclasm_vaults_bender, v_misc_11,
          nicolae_vaults_storage_room_statues, nicolae_vaults_oval_intersection,
          nicolae_vaults_oval_intersection, nicolae_vaults_six-pack,
          ontoclasm_vaults_fault, vaults_room_ringed_pool,
          vaults_room_door_ring, layout_vaults_maze, serial_shops, shop,
          nicolae_shop_overgrown_old_shop
Vaults:5: serial_shops
Crypt:1:  layout_regular_city, palyth_stone_intersect,
          nicolae_crypt_lounge_for_the_living, grunt_crypt_arrival_guarded_gate
Crypt:2:  layout_catacombs, beargit_elvish_explorers, lemuel_upstairs_altar,
          uniq_zenata, uniq_vv, uniq_frederick
Crypt:3:  cryptofortress_bobbens
Depths:1: layout_forbidden_donut, enter_ziggurat_b, grunt_hell_horde,
          rand_demon_pan_entry_3, nicolae_water_bricks,
          kennysheep_generic_room_4, serial_bayou_shore_b
Depths:2: minmay_tri_box, layout_gridville, rand_demon_pan_entry_9, hell_entry,
          amcnicky_mini_pool_small, minmay_fire_ice_demons,
          infiniplex_staircase_x, uniq_josephina, uniq_enchantress
Depths:3: gammafunk_mikee_crab_dinner, layout_gridville, abyss_entry,
          rand_demon_pan_entry_8, hell_entry, patterned_corridor,
          minmay_staircase_bubble, minmay_shop_grove
Depths:4: evilmike_zot_entry_argh, layout_gridlike, hellmouth_1,
          elyvilon_altar_5, fedhas_altar_fruit_tree
Zot:1:    lemuel_halls_of_wrath, layout_twisted_circle, zot_minivault_5
Zot:2:    layout_basic, bh_zot_lava_cross
Zot:3:    regret_index_all_hallows'_manor, layout_misc_corridors,
          regret_index_zotdec_banners
Zot:4:    layout_misc_corridors, regret_index_zotdec_glowing_original,
          grunt_megastairs_1
Zot:5:    layout_twisted_circle, bh_zot_ikea_curve, door_vault

Skill      XL: |  1  2  3  4  5  6  7  8  9 10 11 12 13 14 15 16 17 18 19 20 21 22 23 24 25 26 27 |
---------------+----------------------------------------------------------------------------------+-----
Dodging        | 2 3 4 5 6 7 8 9 11 12 14 16 18 20 21 22 | 22.6
Conjurations   | 2 3 5 7 8 9 10 11 12 | 12.0
Alchemy        | 4 5 6 7 9 10 11 12 13 14 | 14.2
Fire Magic     | 1 2 |  2.0
Earth Magic    | 3 6 8 10 | 10.0
Spellcasting   | 4 5 9 11 14 15 17 | 17.9
Air Magic      | 2 4 7 8 10 11 12 | 12.0
Ice Magic      | 3 5 6 8 12 16 17 19 24 27 | 27.0
Fighting       | 3 5 7 11 14 17 20 21 23 | 23.8
Evocations     | 5 6 8 12 16 17 | 17.0
Shields        | 2 5 8 |  8.4
Stealth        | |  1.7

Action                     |  1- 3 |  4- 6 |  7- 9 | 10-12 | 13-15 | 16-18 | 19-21 | 22-24 | 25-27 || total
---------------------------+-------+-------+-------+-------+-------+-------+-------+-------+-------++-------
  Melee: Unarmed           |    14 |    13 |       |       |       |       |    20 |       |       ||    47
         Tailslap          |     1 |     3 |    22 |    37 |     1 |    19 |    44 |    73 |    92 ||   292
         Spear             |       |    38 |     7 |       |       |       |       |       |       ||    45
         Hand axe          |       |     1 |       |       |       |       |       |       |       ||     1
         Short sword       |       |       |   212 |   195 |     7 |       |       |       |       ||   414
         Mace              |       |       |     1 |       |       |       |       |       |       ||     1
         Punch             |       |       |     2 |     1 |       |       |     5 |     3 |     2 ||    13
         Rapier            |       |       |       |       |    13 |    80 |       |       |       ||    93
         Staff             |       |       |       |       |       |    24 |   185 |   266 |   268 ||   743
  Throw: Dart              |       |       |       |     3 |     1 |       |       |       |       ||     4
         Throwing net      |       |       |       |     1 |       |       |       |       |       ||     1
   Cast: Sting             |    44 |   145 |    68 |       |       |       |       |       |       ||   257
         Olgreb's Toxic Ra |       |     1 |    25 |    91 |    20 |   135 |    10 |    16 |     1 ||   299
         Sandblast         |       |       |    79 |   188 |    64 |   895 |   611 |   207 |       ||  2044
         Sticky Flame      |       |       |     6 |    22 |     6 |    48 |       |       |       ||    82
         Arcjolt           |       |       |       |     3 |     4 |    47 |    13 |    22 |    30 ||   119
         Frozen Ramparts   |       |       |       |       |     5 |    43 |     6 |     3 |       ||    57
         Stone Arrow       |       |       |       |       |       |    55 |    62 |   282 |   429 ||   828
         Freezing Cloud    |       |       |       |       |       |    73 |    79 |    10 |     1 ||   163
         Ozocubu's Refrige |       |       |       |       |       |    39 |   164 |   156 |   128 ||   487
         Eringya's Noxious |       |       |       |       |       |    20 |   104 |    63 |    25 ||   212
         Polar Vortex      |       |       |       |       |       |       |    17 |    82 |   123 ||   222
         Bombard           |       |       |       |       |       |       |       |    52 |    62 ||   114
Ability: Breathe Frost     |       |       |     4 |     2 |       |     2 |     2 |     1 |       ||    11
  Evoke: Wand              |       |     3 |       |       |       |    32 |    34 |     1 |     2 ||    72
         Phantom mirror    |       |       |       |       |       |     2 |     2 |       |     1 ||     5
         Phial of floods   |       |       |       |       |       |       |     3 |     1 |       ||     4
         Condenser vane    |       |       |       |       |       |       |       |       |     1 ||     1
    Use: Scroll            |       |       |    11 |    10 |     3 |    11 |    14 |     6 |    18 ||    73
         Potion            |       |       |     2 |     9 |     5 |     1 |     5 |     1 |    15 ||    38
   Stab: Sleeping          |       |       |     7 |     4 |       |     1 |       |     1 |     4 ||    17
         Petrified         |       |       |       |     2 |       |       |       |       |       ||     2
         Confused          |       |       |       |       |       |       |     2 |       |       ||     2
 Armour: Skin              |    26 |    84 |   175 |   264 |    51 |   765 |   817 |   832 |   876 ||  3890
  Dodge: Dodged            |     6 |   112 |   235 |   318 |    64 |   805 |   750 |   732 |   854 ||  3876
  Block: Buckler           |       |       |       |       |       |     7 |       |       |   270 ||   277
         Reflection        |       |       |       |       |       |       |       |       |     5 ||     5
